 Dungeon Crawl Stone Soup version bcrawl-1.20.1-3-gdcb1fc31ed (webtiles) character file.

Game seed: 13484253889930884114

466 KristoblXynda the Slasher (level 6, 0/48 HPs)
             Began as a Draconian Gladiator on Jan 30, 2020.
             Slain by a yak (8 damage)
             ... on level 4 of the Dungeon.
             The game lasted 00:04:05 (4179 turns).

KristoblXynda the Slasher (Draconian Gladiator)     Turns: 4179, Time: 00:04:06

Health: 0/48       AC:  7    Str: 16    XL:     6   Next: 81%
Magic:  6/6        EV: 14    Int: 11    God:
Gold:   383        SH:  1    Dex: 12    Spells: 5/5 levels left

rFire    . . .     SeeInvis .   a - +0 long sword
rCold    . . .     Gourm    .   (no shield)
rNeg     + . .     Faith    .   (armour unavailable)
rPois    .         Spirit   .   b - +0 hat
rElec    .         Reflect  .   (no cloak)
rCorr    .         Harm     .   l - +0 pair of gloves
MR       .....                  (no boots)
Stlth    +.........             h - amulet of the acrobat
HPRegen  0.16/turn              n - ring of positive energy
MPRegen  0.10/turn              (no ring)

@: lethally poisoned (0 -> 0), lightly drained
A: unfitting armour, cold-blooded, AC +6
a: no special abilities


You were on level 4 of the Dungeon.
You were very hungry.

You visited 1 branch of the dungeon, and saw 4 of its levels.

You collected 383 gold pieces.

Inventory:

Hand Weapons
 a - a +0 long sword (weapon)
Missiles
 c - a throwing net (quivered) {!f}
Armour
 b - a +0 hat (worn)
 l - a +0 pair of gloves (worn)
Jewellery
 h - an amulet of the acrobat (around neck)
 n - a ring of positive energy (left hand)
Wands
 i - a wand of scattershot (3)
Scrolls
 d - 3 scrolls of fog
 f - 3 scrolls of teleportation
 g - a scroll of magic mapping {unknown}
 k - 2 scrolls of remove curse
 m - a scroll of immolation {unknown}
 o - 3 scrolls of amnesia {unknown}
Potions
 j - 2 potions of curing
 p - 2 potions of brilliance {unknown}
Comestibles
 e - 9 rations {!d}


   Skills:
 - Level 2.1(1.8) Fighting
 * Level 6.5(6.1) Long Blades
 - Level 2.0(1.6) Throwing
 + Level 4.6(4.2) Dodging


You had 5 spell levels left.
You didn't know any spells.
Your spell library was empty.

Dungeon Overview and Level Annotations

Branches:
Dungeon (4/12)
 Temple: D:4-7

Altars:
Elyvilon
Hepliaklqana
Qazlal
Ru


Innate Abilities, Weirdness & Mutations

Your plain brown scales are hard. (AC +6)
You cannot fit into any form of body armour.
You are cold-blooded and may be slowed by cold attacks.


Message History

You catch the helpless yak completely off-guard!
You slash the yak!
The yak is heavily wounded.
The yak struggles against the net.
The net rips apart, and the yak comes free!
You barely miss the yak.
The yak is heavily wounded.
The yak closely misses you.
You hit the yak.
The yak is severely wounded.
The yak gores you.
* * * LOW HITPOINT WARNING * * *
You hit the yak.
The yak is severely wounded.
You feel sick. The yak gores you.
* * * LOW HITPOINT WARNING * * *
You barely miss the yak.
The yak is severely wounded.
The yak gores you!
You die...

..#
####...###.#..###
..###....#........#
......##..........#
#.##...........####
#.....####(##.##
### . ####.##.####
#........%.#
.....##.##.# #.###
#.##@# #.##Y#
#.##†# ..##.#
...... ## #.. #..#
#..# #..#


You could see a yak.

Vanquished Creatures
  Edmund (D:4)
  A scorpion (D:4)
  2 crimson imps (D:4)
  A centaur skeleton (D:4)
  Jessica (D:2)
  2 worker ants
  7 adders
  An ooze (D:2)
  An adder skeleton (D:4)
  A worm (D:2)
  4 dart slugs
  3 leopard geckos
  2 orcs (D:4)
  2 ball pythons
  3 bats
  A giant cockroach (D:2)
  4 goblins
  6 hobgoblins
  6 jackals (D:3)
  8 kobolds
  3 quokkas
  4 frilled lizards
  A jackal skeleton (D:4)
  2 rats
67 creatures vanquished.

Notes
Turn   | Place    | Note
-------+----------+-------------------------------------------
     0 | D:1      | KristoblXynda the Draconian Gladiator began the quest for
                  | the Orb.
     0 | D:1      | Reached XP level 1. HP: 17/17 MP: 1/1
   280 | D:1      | Reached XP level 2. HP: 24/24 MP: 2/2
  1082 | D:2      | Reached XP level 3. HP: 26/29 MP: 3/3
  1156 | D:2      | Noticed Jessica
  1168 | D:2      | Killed Jessica
  1168 | D:2      | Reached skill level 4 in Long Blades
  1474 | D:2      | Found a stormy altar of Qazlal.
  1499 | D:2      | Reached XP level 4. HP: 35/36 MP: 4/4
  2608 | D:3      | Reached XP level 5. HP: 41/41 MP: 5/5
  2662 | D:3      | Reached skill level 5 in Long Blades
  2875 | D:3      | Found a sacrificial altar of Ru.
  3330 | D:4      | Reached XP level 6. HP: 29/48 MP: 6/6
  3534 | D:4      | Found a white marble altar of Elyvilon.
  3545 | D:4      | Noticed Edmund
  3575 | D:4      | Killed Edmund
  3575 | D:4      | Reached skill level 6 in Long Blades
  3786 | D:4      | Found a hazy altar of Hepliaklqana.
  4145 | D:4      | Noticed a yak
  4179 | D:4      | Slain by a yak

Skill      XL: |  1  2  3  4  5  6 |
---------------+-------------------+-----
Throwing       | 2 |  2.0
Dodging        | 3 4 |  4.6
Long Blades    | 4 5 6 |  6.5
Fighting       | |  2.1

Action                   |  1- 3 |  4- 6 || total
-------------------------+-------+-------++-------
Melee: Long sword        |    52 |   222 ||   274
       Tailslap          |     6 |    22 ||    28
Throw: Throwing net      |       |     2 ||     2
Evoke: Wand              |       |     1 ||     1
  Use: Scroll            |     2 |     4 ||     6
 Stab: Held in net/web   |       |     3 ||     3
  Eat: Chunk             |     2 |     7 ||     9
Armor: Skin              |    11 |    46 ||    57
Dodge: Dodged            |    36 |   158 ||   194
Block: Other             |       |     3 ||     3
